Map: 暮色之塔

Players

ReverSe - Winner!

  • Race: Protoss Protoss
  • League: Diamond

RockNrolL

  • Race: Zerg Zerg
  • League: Master

VOD

Have the link to the VOD?

Description

Time

  • Played on: April 24, 2016, 2:03 a.m.
  • Length: 12:01
Show
View Real Time Build Order
Export as new Build Order

ReverSe Protoss - Winner!

Build Orders: 1 Gate Expand 

Get SALT Encoding   

  12  0:01  Probe (Chrono Boost)  
  13  0:11  Probe (Chrono Boost)  
  14  0:18  Pylon  
  14  0:22  Probe (Chrono Boost)  
  15  0:36  Probe (Chrono Boost)  
  15  0:41  Gateway  
  16  0:47  Assimilator, Probe (Chrono Boost)  
  17  0:57  Probe (Chrono Boost)  
  18  1:08  Probe (Chrono Boost)  
  19  1:20  Nexus  
  19  1:30  Cybernetics Core  
  19  1:33  Probe (Chrono Boost)  
  20  1:41  Assimilator  
  20  1:43  Probe (Chrono Boost)  
  21  1:51  Pylon  
  21  1:55  Probe (Chrono Boost)  
  22  2:05  Probe (Chrono Boost)  
  23  2:10  Adept (Chrono Boost)  
  25  2:18  Mothership Core  
  27  2:26  Warp Gate  
  27  2:31  Probe  
  30  2:37  Adept (Chrono Boost)  
  30  2:39  Probe  
  30  2:42  Probe  
  32  2:51  Probe  
  33  2:52  Probe  
  33  2:53  Twilight Council  
  34  3:00  Adept (Chrono Boost)  
  34  3:03  Probe x2  
  38  3:15  Probe  
  38  3:16  Pylon  
  38  3:19  Gateway  
  39  3:20  Probe, Gateway  
  40  3:27  Adept (Chrono Boost), Probe  
  40  3:32  Resonating Glaives (Chrono Boost)  
  43  3:37  Probe  
  43  3:39  Probe  
  45  3:47  Probe  
  45  3:51  Probe  
  45  3:52  Assimilator  
  45  3:54  Adept  
  49  3:56  Assimilator  
  49  3:58  Probe  
  48  4:05  Probe  
  47  4:18  Probe  
  47  4:19  Probe  
  49  4:31  Adept x2  
  53  4:44  Pylon  
  53  4:46  Pylon  
  53  4:57  Nexus, Stargate  
  53  4:58  Stargate  
  53  5:00  Probe x2  
  53  5:01  Pylon  
  53  5:04  Adept x2, Pylon  
  53  5:05  Adept  
  61  5:12  Probe  
  62  5:17  Pylon  
  62  5:19  Probe  
  63  5:24  Probe  
  63  5:26  Adept  
  63  5:27  Adept  
  68  5:29  Probe  
  68  5:35  Pylon  
  69  5:36  Probe  
  69  5:42  Phoenix x2 (Chrono Boost)  
  72  5:45  Probe  
  72  5:47  Robotics Facility  
  72  5:48  Probe  
  76  5:53  Robotics Facility  
  76  6:08  Phoenix (Chrono Boost)  
  76  6:09  Phoenix (Chrono Boost)  
  80  6:18  Pylon, Probe  
  78  6:19  Probe x2  
  81  6:31  Probe x2  
  81  6:40  Immortal x2 (Chrono Boost)  
  81  6:42  Phoenix (Chrono Boost), Probe  
  81  6:43  Phoenix (Chrono Boost), Probe  
  81  6:44  Probe  
  88  6:48  Charge  
  88  6:53  Probe  
  85  6:56  Pylon  
  85  6:58  Probe x2  
  85  6:59  Pylon  
  85  7:00  Pylon  
  87  7:03  Phoenix  
  87  7:07  Phoenix  
  91  7:10  Zealot  
  93  7:19  Immortal (Chrono Boost)  
  93  7:21  Immortal (Chrono Boost)  
  93  7:22  Assimilator  
  101  7:26  Assimilator  
  101  7:27  Templar Archives  
  99  7:53  Immortal (Chrono Boost)  
  99  7:55  Immortal (Chrono Boost)  
  107  8:07  Probe x3  
  107  8:11  Zealot  
  107  8:12  Zealot x2  
  116  8:19  Probe  
  117  8:35  Gateway  
  117  8:36  Gateway  
  117  8:37  Gateway  
  117  8:38  Immortal (Chrono Boost)  
  117  8:39  Immortal (Chrono Boost)  
  125  8:41  Gateway  
  125  8:42  Gateway  
  125  8:46  High Templar  
  125  8:47  High Templar  
  129  8:49  Zealot  
  129  8:50  Archon  
  131  8:59  Probe x2  
  133  9:14  Immortal x2 (Chrono Boost)  
  133  9:15  Nexus  
  141  9:18  Pylon  
  141  9:21  Pylon  
  141  9:29  Pylon  
  141  9:30  Pylon x2  
  141  9:36  Pylon  
  141  9:38  Oracle  
  141  9:42  Oracle  
  147  9:49  Warp Prism (Chrono Boost)  
  147  9:50  Observer (Chrono Boost)  
  148  9:52  Zealot  
  148  9:53  Zealot x7  
  148  9:58  Psionic Storm  
  164  10:01  Probe x3  
  167  10:12  Pylon  
  167  10:13  High Templar x2, Probe  
  167  10:14  High Templar x3  
  176  10:16  High Templar  
  176  10:17  Archon x2  
  176  10:18  Pylon  
  176  10:20  Archon  
  180  10:21  Zealot  
  180  10:22  Zealot  
  184  10:31  Observer x2 (Chrono Boost)  
  186  10:51  Forge  
  186  10:52  Forge  
  186  10:54  Zealot x7  
  186  10:56  Assimilator  
  200  11:01  Assimilator  
  192  11:30  Zealot x6  
  192  11:31  Zealot x2  
  186  11:51  High Templar x4  
  186  11:52  High Templar x3  
  200  11:55  Archon x2  
  200  11:56  Archon  
Show
View Real Time Build Order
Export as new Build Order

RockNrolL Zerg 

Build Orders: Hatch First, Lurkers 

Get SALT Encoding   

  12  0:01  Drone  
  13  0:12  Overlord  
  13  0:21  Overlord  
  13  0:26  Drone  
  14  0:34  Drone  
  14  0:35  Drone  
  16  0:45  Drone  
  17  1:03  Hatchery  
  16  1:05  Drone  
  16  1:09  Drone  
  18  1:18  Drone  
  19  1:21  Extractor  
  18  1:28  Spawning Pool  
  18  1:30  Drone  
  18  1:39  Drone  
  19  1:49  Drone  
  20  2:00  Drone  
  21  2:11  Drone  
  21  2:14  Queen  
  21  2:15  Drone  
  25  2:16  Queen  
  25  2:22  Metabolic Boost  
  27  2:23  Zergling x2  
  27  2:25  Zergling x2  
  29  2:32  Drone  
  30  2:43  Drone  
  31  2:46  Drone  
  31  2:47  Hatchery  
  31  2:50  Zergling x2  
  32  2:55  Drone  
  33  2:58  Queen  
  33  3:02  Drone  
  36  3:10  Overlord  
  36  3:12  Evolution Chamber  
  35  3:13  Drone  
  36  3:25  Overlord  
  36  3:27  Overlord  
  36  3:30  Drone x3  
  36  3:31  Drone  
  40  3:36  Drone  
  40  3:37  Drone  
  42  3:48  Zergling x4  
  44  3:55  Drone  
  44  3:56  Drone x2  
  44  3:58  Drone  
  44  3:59  Drone x2  
  44  4:01  Queen  
  51  4:04  Drone  
  51  4:10  Drone x2  
  51  4:15  Baneling Nest  
  52  4:17  Zergling x2  
  52  4:18  Zergling x4  
  55  4:29  Drone x2  
  55  4:30  Zergling x2  
  58  4:32  Zergling x4  
  58  4:35  Drone  
  58  4:36  Drone  
  58  4:37  Queen, Drone x2  
  65  4:51  Overlord x3  
  65  4:52  Overlord  
  65  4:59  Extractor x2  
  63  5:03  Lair  
  57  5:32  Drone x2, Spore Crawler  
  57  5:33  Drone x2  
  60  5:36  Drone x6  
  60  5:37  Drone x2  
  60  5:39  Zergling x8, Extractor  
  60  5:40  Zergling x4, Extractor  
  72  5:43  Zerg Melee Weapons Level 1  
  72  5:46  Spore Crawler  
  72  5:47  Drone  
  72  5:48  Drone x2, Evolution Chamber  
  72  5:49  Extractor  
  72  5:54  Drone  
  72  5:56  Spore Crawler  
  72  6:03  Zergling x4  
  72  6:05  Hydralisk Den  
  72  6:11  Zergling x10  
  64  6:18  Zergling x8  
  65  6:23  Zergling x4  
  61  6:25  Zerg Missile Weapons Level 1  
  61  6:30  Zergling x10  
  60  6:38  Zergling x6  
  60  6:39  Zergling x8  
  61  6:41  Queen  
  61  6:42  Drone x2  
  61  6:43  Drone  
  61  6:55  Hydralisk  
  61  6:56  Hydralisk  
  61  6:59  Lurker Den  
  66  7:01  Drone x2  
  66  7:02  Drone  
  66  7:04  Drone  
  66  7:06  Drone  
  66  7:07  Drone  
  71  7:13  Centrifical Hooks  
  71  7:16  Baneling x3  
  71  7:17  Queen, Baneling  
  71  7:19  Drone  
  71  7:21  Drone  
  71  7:22  Drone  
  76  7:24  Drone  
  73  7:38  Drone x5  
  73  7:39  Drone x3, Spore Crawler  
  80  7:44  Hydralisk  
  80  7:48  Hydralisk  
  80  7:49  Hydralisk  
  84  7:52  Hydralisk  
  84  7:56  Hydralisk  
  84  7:58  Hydralisk  
  84  8:09  Overlord x4  
  84  8:19  Overlord x2  
  78  8:20  Overlord x2  
  77  8:29  Muscular Augments  
  77  8:30  Drone  
  77  8:31  Drone x3  
  77  8:32  Hydralisk  
  83  8:42  Drone x2  
  83  8:45  Queen  
  83  8:46  Hatchery  
  86  8:51  Hydralisk x2  
  86  8:52  Hydralisk  
  92  9:05  Drone  
  92  9:06  Drone x2  
  92  9:09  Hydralisk x2  
  97  9:12  Hydralisk, Hatchery  
  97  9:16  Hydralisk  
  100  9:18  Hydralisk  
  100  9:21  Hydralisk  
  100  9:23  Hydralisk  
  108  9:25  Baneling  
  108  9:26  Baneling x3  
  108  9:28  Hydralisk  
  108  9:31  Overlord  
  108  9:38  Hydralisk x2  
  108  9:39  Hydralisk  
  112  9:48  Drone x5  
  112  9:49  Drone x2  
  112  9:50  Overlord  
  119  9:55  Hydralisk x2  
  123  10:02  Lurker x3  
  123  10:03  Lurker x2  
  123  10:04  Lurker  
  129  10:07  Drone x2  
  129  10:09  Drone x2  
  129  10:11  Drone  
  134  10:16  Overseer  
  134  10:17  Hydralisk  
  134  10:18  Hydralisk  
  134  10:20  Hydralisk  
  140  10:22  Drone x2  
  140  10:23  Drone  
  140  10:25  Drone x2  
  140  10:26  Drone  
  146  10:30  Spore Crawler  
  146  10:33  Drone  
  146  10:34  Hydralisk, Drone  
  146  10:35  Spore Crawler  
  148  10:43  Overlord  
  148  10:45  Overlord  
  148  10:53  Zergling x2  
  148  10:54  Overlord x3  
  149  11:02  Queen, Drone  
  149  11:03  Hydralisk x2  
  149  11:04  Hydralisk  
  156  11:05  Extractor  
  156  11:07  Hydralisk  
  159  11:11  Extractor  
  159  11:12  Hydralisk x3  
  155  11:22  Hydralisk x2  
  155  11:23  Hydralisk x2  
  155  11:24  Hydralisk  
  154  11:28  Hydralisk x2  
  154  11:31  Hydralisk  
  117  11:33  Hydralisk  
  115  11:42  Overlord  
Tags
 
Add a new tag
Caveats
  • Supply blocks, unpowered buildings, or Contaminate may cause inaccurate times.
  • Supply counts are checked every 10 seconds.